 Dungeon Crawl Stone Soup version 0.31-a0-799-g6bc09d010c (webtiles) character file.

Game seed: 1499605874696566160

3077 D12ThenQuit the Geomancer (level 9, -1/62 HPs)
             Began as a White Draconian Earth Elementalist on Sept 19, 2023.
             Was a Follower of Vehumet.
             Killed by divine providence
             ... invoked by an orc priest
              (8 damage)
             ... on level 8 of the Dungeon on Sept 20, 2023.
             The game lasted 00:23:44 (6942 turns).

D12ThenQuit the Geomancer (DrEE)                    Turns: 6942, Time: 00:23:46

Health: -1/62      AC:  7    Str: 10    XL:     9   Next: 58%
Magic:  12/16      EV: 12    Int: 21    God:    Vehumet [*.....]
Gold:   315        SH:  0    Dex: 11    Spells: 8/18 levels left

rFire   . . .        f - staff of earth
rCold   + + .        (no shield)
rNeg    . . .        (body armour unavailable)
rPois   .            (helmet restricted)
rElec   .            (no cloak)
rCorr   +            (no gloves)
SInv    .            (no boots)
Will    .....        (no amulet)
Stlth   ++           i - ring of protection from cold
HPRegen 0.30/turn    p - ring of resist corrosion
MPRegen 0.15/turn

%: no passive effects
@: short of breath
A: breathe frost, AC +7, unfitting armour, cold resistance 1, cold-blooded
a: Breathe Frost, Renounce Religion


You were on level 8 of the Dungeon.
You worshipped Vehumet.
Vehumet was aware of your devotion.
You visited 2 branches of the dungeon, and saw 9 of its levels.
You also visited: Sewer.

You collected 475 gold pieces.
You spent 160 gold pieces at shops.

Inventory:

Hand Weapons
 a - a +4 dagger
 d - a +0 short sword
 e - a +0 long sword
 q - the +7 whip "Fuwkugh" {spect, rPois rF- Int+5 Dex-5}
   (You found it on level 2 of the Dungeon)

   Int+5:     It affects your intelligence (+5).
   Dex-5:     It affects your dexterity (-5).
   rF-:       It makes you vulnerable to fire.
   rPois:     It protects you from poison
 s - a +0 orcbow
 w - the +11 mace of the Twisting Ancients {drain, rC++}
   (You found it on level 4 of the Dungeon)

   rC++:      It greatly protects you from cold.
Missiles
 j - 5 curare-tipped darts
 n - 26 poisoned darts
 z - 6 javelins
Magical Staves
 f - a staff of earth (weapon)
 O - a staff of poison
Jewellery
 i - a ring of protection from cold (left hand)
 p - a ring of resist corrosion (right hand)
 x - a ring of flight
 G - a ring of ice
Wands
 A - a wand of polymorph (5)
 M - a wand of iceblast (9)
 N - a wand of quicksilver (8)
Scrolls
 b - a scroll of poison
 g - 2 scrolls of vulnerability
 h - a scroll of enchant weapon
 l - 2 scrolls of immolation {unknown}
 o - a scroll of noise
 r - 2 scrolls of teleportation {unknown}
 t - a scroll of revelation
 u - 2 scrolls of brand weapon {unknown}
 y - a scroll of amnesia
 C - a scroll of fear
 D - a scroll of silence
 F - 2 scrolls of fog {unknown}
 L - a scroll of enchant armour
Potions
 c - 3 potions of curing
 k - 2 potions of magic
 m - 2 potions of lignification
 v - a potion of ambrosia
 B - 3 potions of brilliance
 E - 2 potions of invisibility {unknown}
 H - a potion of cancellation
 I - 2 potions of resistance {unknown}
 J - a potion of might
 K - 3 potions of heal wounds {unknown}


   Skills:
 - Level 1.7 Dodging
 - Level 1.7 Stealth
 - Level 5.0 Spellcasting
 + Level 8.1 Conjurations
 - Level 1.0 Transmutations
 - Level 2.0 Air Magic
 + Level 9.4 Earth Magic
 - Level 2.0 Poison Magic


You had 8 spell levels left.
You knew the following spells:

 Your Spells              Type           Power      Damage    Failure   Level
a - Sandblast             Erth           100%       2d20      1%          1
b - Brom's Barrelling Bo  Conj/Erth      58%        2d7       3%          4
c - Mephitic Cloud        Conj/Pois/Air  22%        N/A       6%          3
d - Poisonous Vapours     Pois/Air       26%        N/A       7%          2

Your spell library contained the following spells:

 Spells                   Type           Power      Damage    Failure   Level
 Magic Dart               Conj           100%       1d8       1%          1
 Passwall                 Tmut/Erth      33%        N/A       1%          2
 Stone Arrow              Conj/Erth      100%       3d13      1%          3
 Cigotuvi's Dreadful Rot  Necr/Pois/Air  20%        N/A       10%         2
 Petrify                  Tmut/Erth      40%        N/A       13%         4
 Lesser Beckoning         Tloc           10%        N/A       16%         2
 Gell's Gravitas          Tloc           5%         N/A       32%         3
 Ozocubu's Armour         Ice            5%         N/A       32%         3
 Teleport Other           Tloc           5%         N/A       32%         3
 Volatile Blastmotes      Fire/Tloc      10%        2d10      32%         3
 Freezing Cloud           Conj/Ice/Air   9%         6-21      58%         5
 Dispel Undead            Necr           5%         3d7       71%         4
 Death Channel            Necr           2%         N/A       100%        6
 Ozocubu's Refrigeration  Ice            2%         4d8       100%        7


Dungeon Overview and Level Annotations

Branches:
Dungeon (8/15)             Temple (1/1) D:5           Sewer (visited)
   Lair: D:8-11

Altars:
Ashenzari
Cheibriados
Dithmenos
Elyvilon
Fedhas
Gozag
Hepliaklqana
Kikubaaqudgha
Makhleb
Nemelex Xobeh
Okawaru
Qazlal
Ru
Sif Muna
Trog
Uskayaw
Vehumet
Wu Jian
Xom
Yredelemnul
Zin
The Shining One

Shops:
D:2 !   D:6 ?


Innate Abilities, Weirdness & Mutations

You can breathe waves of freezing cold which knock back foes.
Your icy white scales are hard. (AC +7)
You cannot fit into any form of body armour.
Your flesh is cold resistant. (rC+)
You are cold-blooded and may be slowed by cold attacks.


Message History

Press: ? - help, Shift-Dir - straight line, f/p - centaur
Aim: a centaur, wielding a +0 orcbow (91% to hit)
You feel a surge of power!
The blast of sand hits the centaur!!
The centaur is almost dead.
The centaur unwields a +0 orcbow.
The centaur wields a +0 scimitar.
The centaur hits you with a +0 scimitar.
The centaur barely misses you. x2; The centaur closely misses you.
Casting: Sandblast (safe; 1% risk of failure)
Confirm with . or Enter, or press ? or * to list all spells.
Aiming: Sandblast (safe; 1% risk of failure)
Press: ? - help, Shift-Dir - straight line, f/p - centaur
Aim: a centaur, wielding a +0 scimitar (almost dead, 91% to hit)
You feel a surge of power!
The blast of sand hits the centaur!!
You kill the centaur!
Vehumet accepts your kill.
You feel your power returning. The orc barely misses you.
Casting: Sandblast (safe; 1% risk of failure)
Confirm with . or Enter, or press ? or * to list all spells.
Aiming: Sandblast (safe; 1% risk of failure)
Press: ? - help, Shift-Dir - straight line, f - orc
Aim: an orc, wielding a +0 hand axe (85% to hit)
You feel a surge of power!
The blast of sand hits the orc!!
You kill the orc!
Vehumet accepts your kill.
The orc priest miscasts a cantrip.
Casting: Sandblast (safe; 1% risk of failure)
Confirm with . or Enter, or press ? or * to list all spells.
Aiming: Sandblast (safe; 1% risk of failure)
Press: ? - help, Shift-Dir - straight line, f - orc
Aim: an orc, wielding a +0 club and quivering boomerangs (85% to hit)
You feel a surge of power!
The blast of sand hits the orc!!!
You kill the orc!
Vehumet accepts your kill.
An orc warrior comes into view. It is wielding a +2 heavy hand axe.
The orc priest invokes the aid of Beogh against you.
Beogh smites you!
* * * LOW HITPOINT WARNING * * *
The orc priest invokes the aid of Beogh against you.
Beogh smites you!
You die...

o....)... .......c.
.....o..####...
....o..........
........##
........†##
#.....##o.# # ######
##o# #.# #@# ##.....
#.##......# #....#
...# ##.###....>
###.###.....
#...........
#########.##........
#............##.#.#.
..... #........##..#
.# .....


You could see an orc warrior, an orc priest and an orc.

Vanquished Creatures
  A kobold demonologist (D:8)
  A hornet (D:7)
  2 steam dragons
  2 water moccasins
  A sky beast (D:7)
  A black bear (D:5)
  2 centaurs
  3 ogres
  A phantom (D:6)
  A kobold brigand (D:8)
  4 bullfrogs
  2 scorpions
  3 hounds
  2 jellies (D:4)
  6 orc priests
  A sleepcap (D:6)
  A gnoll bouda (D:6)
  2 iguanas
  6 orc wizards
  3 gnolls (D:6)
  14 adders
  6 river rats (Sewer)
  A white imp (D:7)
  An ufetubus (D:6)
  2 worms (D:4)
  3 dart slugs
  34 orcs
  6 endoplasms
  6 giant cockroaches
  7 goblins
  6 hobgoblins
  4 jackals
  11 kobolds
  4 quokkas
  15 ball pythons
  11 bats
  3 frilled lizards
  27 rats
206 creatures vanquished.

Vanquished Creatures (collateral kills)
  An ice beast (D:7)
  A boulder (D:7)
2 creatures vanquished.

Vanquished Creatures (others)
  2 gnolls (D:6)
  4 boulders
6 creatures vanquished.

Grand Total: 214 creatures vanquished

Notes
Turn   | Place    | Note
-------+----------+-------------------------------------------
     0 | D:1      | D12ThenQuit the Draconian Earth Elementalist began the
                  | quest for the Orb.
     0 | D:1      | Reached XP level 1. HP: 14/14 MP: 3/3
   313 | D:1      | Reached XP level 2. HP: 20/20 MP: 1/5
   587 | D:1      | Reached skill level 4 in Earth Magic
   845 | D:1      | Reached XP level 3. HP: 26/26 MP: 4/6
  1481 | D:2      | Reached XP level 4. HP: 33/33 MP: 4/7
  1512 | D:2      | Found Quepn's Distillery.
  1525 | D:2      | Bought a potion of curing for 36 gold pieces
  1525 | D:2      | Bought a potion of lignification for 36 gold pieces
  1679 | D:2      | Identified the +7 whip "Fuwkugh" {spect, rPois rF- Int+5
                  | Dex-5}
  1692 | D:2      | Reached skill level 5 in Earth Magic
  1968 | D:2      | Learned a level 4 spell: Brom's Barrelling Boulder
  2001 | D:3      | Reached skill level 1 in Conjurations
  2080 | D:3      | Reached XP level 5. HP: 38/38 MP: 3/8
  2401 | D:3      | Learned a level 3 spell: Mephitic Cloud
  2411 | D:3      | Found an iron altar of Okawaru.
  2816 | D:2      | Reached skill level 1 in Air Magic
  2816 | D:2      | Reached skill level 1 in Poison Magic
  2869 | D:3      | Reached XP level 6. HP: 43/45 MP: 7/9
  3393 | D:4      | Identified the +11 mace of the Twisting Ancients {drain,
                  | rC++}
  3499 | D:4      | You fall into a shaft and drop 1 floor!
  3499 | D:5      | Entered Level 5 of the Dungeon
  3663 | D:4      | Your scales start taking on an icy white colour.
  3663 | D:4      | Reached XP level 7. HP: 50/50 MP: 7/11
  3663 | D:4      | Gained mutation: Your flesh is cold resistant. (rC+) [White
                  | Draconian growth]
  3679 | D:4      | Found a glowing drain.
  3697 | Sewer    | Entered a sewer
  3824 | Sewer    | Learned a level 2 spell: Poisonous Vapours
  3828 | Sewer    | Reached skill level 6 in Earth Magic
  4442 | D:5      | Got a sooty book
  4459 | D:5      | Reached XP level 8. HP: 51/57 MP: 3/14
  4468 | D:5      | Reached skill level 5 in Conjurations
  4614 | D:5      | Found a staircase to the Ecumenical Temple.
  4683 | Temple   | Entered the Ecumenical Temple
  4727 | Temple   | Became a worshipper of Vehumet
  4908 | D:5      | Identified a scroll of acquirement
  4910 | D:5      | Acquired a staff of earth
  5196 | D:6      | Found Kiacef's Magic Scroll Emporium.
  5199 | D:6      | Bought a scroll of identify for 22 gold pieces
  5199 | D:6      | Bought a scroll of identify for 22 gold pieces
  5199 | D:6      | Bought a scroll of identify for 22 gold pieces
  5199 | D:6      | Bought a scroll of identify for 22 gold pieces
  5249 | D:6      | Reached skill level 7 in Earth Magic
  5330 | D:6      | Found a basalt altar of Yredelemnul.
  5775 | D:6      | Reached skill level 5 in Spellcasting
  5923 | D:6      | Found a burning altar of Makhleb.
  5925 | D:6      | Found a stormy altar of Qazlal.
  5927 | D:6      | Found a glowing golden altar of the Shining One.
  6036 | D:6      | Upgraded the game from 0.31-a0-795-g5eb97db20b to
                  | 0.31-a0-799-g6bc09d010c
  6066 | D:6      | Reached skill level 8 in Earth Magic
  6068 | D:7      | Noticed a hornet
  6150 | D:7      | Reached XP level 9. HP: 62/62 MP: 14/16
  6746 | D:8      | Reached * piety under Vehumet
  6746 | D:8      | Offered knowledge of Magic Dart by Vehumet.
  6750 | D:8      | Noticed a kobold demonologist
  6764 | D:8      | Noticed an orange demon
  6765 | D:8      | Killed a kobold demonologist
  6766 | D:8      | Reached skill level 9 in Earth Magic
  6942 | D:8      | Killed from afar by an orc priest

Illustrated notes

Levels and vault maps discovered:
D:1:      eino_arrival_cavern_a, layout_rooms, serial_bayou,
          serial_bayou_pond_c, serial_bayou_pond_c, serial_bayou_pond_c,
          serial_bayou_shore_b
D:2:      minmay_recursive_quarters, layout_basic, serial_shops, shop
D:3:      layout_basic, mainiacjoe_overflow_paths,
          nicolae_twisty_statue_hallways
D:4:      layout_rooms, cheibrodos_sewer_entry_bend
D:5:      layout_loops_ring, minmay_temple_entry_glassed_door
D:6:      layout_basic, lemuel_tele_altar, gammafunk_temple_overflow_forgotten,
          serial_shops, nicolae_shop_behind_doors
D:7:      layout_rooms
D:8:      layout_rooms, uniq_joseph, uniq_prince_ribbit1, uniq_gastronok
Temple:   bh_familiar_temple

Skill      XL: |  1  2  3  4  5  6  7  8  9 |
---------------+----------------------------+-----
Earth Magic    | 4 5 6 8 9 |  9.4
Conjurations   | 1 2 3 4 6 8 |  8.1
Air Magic      | 1 2 |  2.0
Poison Magic   | 1 2 |  2.0
Spellcasting   | 4 5 |  5.0
Dodging        | |  1.7
Stealth        | |  1.7
Transmutations | |  1.0

Action                     |  1- 3 |  4- 6 |  7- 9 || total
---------------------------+-------+-------+-------++-------
  Melee: Unarmed           |    12 |       |       ||    12
         Tailslap          |     2 |     2 |       ||     4
         Long sword        |     1 |       |       ||     1
         Dagger            |       |     2 |       ||     2
         Whip              |       |     2 |     3 ||     5
         Staff             |       |       |     1 ||     1
   Cast: Sandblast         |    62 |    90 |   131 ||   283
         Mephitic Cloud    |       |       |     2 ||     2
         Brom's Barrelling |       |       |     7 ||     7
         Poisonous Vapours |       |       |     5 ||     5
Ability: Breathe Frost     |       |       |    16 ||    16
    Use: Scroll            |       |     2 |    13 ||    15
         Potion            |       |       |     4 ||     4
 Armour: Skin              |    24 |    16 |    65 ||   105
  Dodge: Dodged            |    27 |    20 |    41 ||    88

Table legend: (Time is in decaauts)
 A = Elapsed time spent in this place.
 B = Non-inter-level travel time spent in this place.
 C = Inter-level travel time spent in this place.
 D = Time resting spent in this place.
 E = Time spent auto-exploring this place.
 F = Levels seen in this place.
 G = Mean time per level.
                   A        B        C        D        E       F      G
               +--------+--------+--------+--------+--------+-----+--------+
         Total |   7149 |   6993 |    156 |   1219 |   3496 |  10 |  714.9 |
       Dungeon |   6593 |   6449 |    144 |   1096 |   3390 |   8 |  824.1 |
        Temple |     57 |     45 |     12 |      0 |      0 |   1 |   57.0 |
         Sewer |    497 |    497 |      0 |    123 |    105 |   1 |  497.0 |
               +--------+--------+--------+--------+--------+-----+--------+

Top non-repeatable levels by time:
     D:3: 1274 daAuts
     D:1: 1210 daAuts
     D:6: 952 daAuts
     D:2: 951 daAuts
     D:5: 708 daAuts
     D:4: 615 daAuts
     D:7: 536 daAuts
   Sewer: 497 daAuts
     D:8: 345 daAuts
  Temple: 57 daAuts
